 Dungeon Crawl Stone Soup version 0.21.1-1-g345015fe64 (webtiles) character file.

60 Jannitor the Vexing (level 3, 0/18 HPs)
             Began as a Deep Elf Arcane Marksman on June 8, 2018.
             Slain by a worker ant (5 damage)
             ... on level 4 of the Dungeon.
             The game lasted 00:05:15 (3072 turns).

Jannitor the Vexing (Deep Elf Arcane Marksman)      Turns: 3072, Time: 00:05:16

Health: 0/18       AC:  3    Str:  8    XL:     3   Next: 80%
Magic:  7/7        EV: 13    Int: 17    God:
Gold:   148        SH:  0    Dex: 15    Spells: 2/5 levels left

rFire    . . .     SeeInvis .   b - +1 rapier (venom)
rCold    . . .     Gourm    +   (no shield)
rNeg     . . .     Faith    .   e - +0 robe
rPois    .         Spirit   .   (no helmet)
rElec    .         Reflect  .   (no cloak)
rCorr    .         Harm     .   r - +0 pair of gloves
MR       .....                  (no boots)
Stlth    +.........             i - amulet of the gourmand
HPRegen  0.06/turn              (no ring)
MPRegen  0.10/turn              (no ring)

@: no status effects
A: reduced essence
a: no special abilities


You were on level 4 of the Dungeon.
You were not hungry.

You visited 1 branch of the dungeon, and saw 4 of its levels.

You collected 148 gold pieces.

Inventory:

Hand Weapons
 a - a +0 shortbow
 b - a +1 rapier of venom (weapon)
 s - a +0 dagger
Missiles
 d - 66 arrows
Armour
 e - a +0 robe (worn)
 r - a +0 pair of gloves (worn)
Jewellery
 i - an amulet of the gourmand (around neck)
Scrolls
 g - a scroll of teleportation {unknown}
 j - 3 scrolls of fog {unknown}
 k - a scroll of enchant armour {unknown}
 l - a scroll of random uselessness {unknown}
 m - 3 scrolls of remove curse {unknown}
 p - 2 scrolls of noise {unknown}
 q - 4 scrolls of identify {unknown}
Potions
 h - 2 potions of curing
Books
 c - a book of Debilitation

   Spells                             Type                      Level
   a - Corona                         Hexes                        1
   b - Slow                           Hexes                        2
   c - Inner Flame                    Hexes/Fire                   3
   d - Portal Projectile              Hexes/Translocation          3
   e - Cause Fear                     Hexes                        4
   f - Leda's Liquefaction            Hexes/Earth                  4
 o - a book of Minor Magic

   Spells                             Type                      Level
   a - Magic Dart                     Conjuration                  1
   b - Blink                          Translocation                2
   c - Call Imp                       Summoning                    2
   d - Slow                           Hexes                        2
   e - Conjure Flame                  Conjuration/Fire             3
   f - Mephitic Cloud                 Conjuration/Poison/Air       3
Comestibles
 f - 3 rations


   Skills:
 + Level 1.5 Fighting
 + Level 2.9 Bows
 + Level 3.3 Dodging
 - Level 1.5 Spellcasting
 + Level 4.7 Hexes


You had 2 spell levels left.
You knew the following spells:

 Your Spells              Type           Power        Failure   Level  Hunger
a - Corona                Hex            ###....      3%          1    ##.....
b - Slow                  Hex            ###.....     4%          2    ###....


Dungeon Overview and Level Annotations

Branches:
Dungeon (4/15)
 Temple: D:4-7

Altars:
Dithmenos
Hepliaklqana
Trog

Annotations:
D:3 Grinder


Message History

b - a +1 rapier of venom (weapon)
You barely miss the orc. The orc completely misses you.
You barely miss the orc. The orc hits you but does no damage.
You puncture the orc!
The orc is poisoned.
The orc is almost dead.
The orc hits you. x2
You barely miss the orc.
The orc is almost dead.
You kill the orc!
The worker ant bites you.
The orc wizard gestures wildly while chanting.
The orc wizard flickers and vanishes!
Deactivating autopickup; reactivate with Ctrl-A.
There is a stone staircase leading up here.
You hit the worker ant but do no damage.
The worker ant is poisoned.
The worker ant bites you.
* * * LOW HITPOINT WARNING * * *
The worker ant closely misses you. The worker ant bites you.
You die...

#..$. ...
... ... #.#
#.# #.# #@#
#a# #{# .o.
.....
.......
$......).
..........#
......(.....


You could see a worker ant and an orc.

Vanquished Creatures
  Robin (D:2)
  An adder (D:2)
  An ooze (D:2)
  A worm (D:2)
  5 orcs
  3 giant cockroaches
  11 goblins
  8 hobgoblins
  3 jackals (D:2)
  2 ball pythons
  4 bats
  3 frilled lizards
  A jackal skeleton (D:4)
  7 kobolds
  9 rats
60 creatures vanquished.

Vanquished Creatures (collateral kills)
  A kobold (D:2)
1 creature vanquished.

Grand Total: 61 creatures vanquished

Notes
Turn   | Place    | Note
-------+----------+-------------------------------------------
     0 | D:1      | Jannitor the Deep Elf Arcane Marksman began the quest for the Orb.
     0 | D:1      | Reached XP level 1. HP: 11/11 MP: 5/5
   242 | D:1      | Reached skill level 1 in Fighting
   363 | D:1      | Reached XP level 2. HP: 16/16 MP: 4/6
   659 | D:1      | Learned a level 2 spell: Slow
   985 | D:2      | Reached XP level 3. HP: 18/20 MP: 5/7
  1565 | D:2      | Found a faded altar of an unknown god.
  1574 | D:2      | Became a worshipper of Hepliaklqana the Forgotten
  1574 | D:2      | Reached * piety under Hepliaklqana
  1619 | D:2      | Found a shadowy altar of Dithmenos.
  1943 | D:2      | Fell from the grace of Hepliaklqana
  1946 | D:2      | Noticed Robin
  1954 | D:2      | Killed Robin
  2226 | D:3      | Found a bloodstained altar of Trog.
  2237 | D:3      | Noticed Grinder
  2991 | D:4      | Noticed an ogre
  3072 | D:4      | Slain by a worker ant

Skill      XL: |  1  2 |
---------------+-------+-----
Fighting       | 1 |  1.5
Dodging        | 3 |  3.3
Bows           | |  2.9
Spellcasting   | |  1.5
Hexes          | |  4.7

Action                   || total
-------------------------++-------
Melee: Rapier            ||    40
       Dagger            ||    29
 Fire: Shortbow          ||   130
 Cast: Corona            ||    38
Invok: Renounce Religion ||     1
  Use: Potion            ||     2
  Eat: Chunk             ||    12
Armor: Robe              ||    28
Dodge: Dodged            ||    97
